 Dungeon Crawl Stone Soup version 0.25-a0-292-gaa31f046c4 (webtiles) character file.

Game seed: 8916772080007979674, levelgen mode: deterministic

114 Luthien the Conjurer (level 4, -7/24 HPs)
             Began as a Deep Elf Conjurer on Dec 15, 2019.
             Killed by divine providence
             ... invoked by an orc priest
              (11 damage)
             ... on level 4 of the Dungeon.
             The game lasted 00:05:07 (2319 turns).

Luthien the Conjurer (Deep Elf Conjurer)            Turns: 2319, Time: 00:05:08

Health: -7/24      AC:  3    Str:  5    XL:     4   Next: 66%
Magic:  12/12      EV: 14    Int: 21    God:
Gold:   112        SH:  0    Dex: 15    Spells: 0/11 levels left

rFire    . . .     SeeInvis .   g - +1 short sword (venom)
rCold    . . .     Gourm    .   (no shield)
rNeg     . . .     Faith    .   a - +0 robe
rPois    .         Spirit   .   (no helmet)
rElec    .         Reflect  .   n - +0 cloak
rCorr    .         Harm     .   (no gloves)
MR       .....                  (no boots)
Stlth    +++.......             (no amulet)
HPRegen  0.08/turn              (no ring)
MPRegen  0.13/turn              (no ring)

@: no status effects
A: no striking features
a: no special abilities


You were on level 4 of the Dungeon.
You were not hungry.

You visited 1 branch of the dungeon, and saw 4 of its levels.

You collected 112 gold pieces.

Inventory:

Hand Weapons
 b - a +0 dagger
 g - a +1 short sword of venom (weapon)
Missiles
 o - 29 stones (quivered)
Armour
 a - a +0 robe (worn)
 n - a +0 cloak (worn)
Scrolls
 e - a scroll of random uselessness {unknown}
 i - a scroll of remove curse {unknown}
 j - 7 scrolls of identify {unknown}
 m - a scroll of enchant weapon {unknown}
 q - a scroll of teleportation {unknown}
 r - a scroll of noise {unknown}
Potions
 d - a potion of berserk rage {unknown}
 f - 4 potions of curing {unknown}
 h - a potion of invisibility {unknown}
 k - 2 potions of might {unknown}
 p - a potion of haste {unknown}
 s - 2 potions of agility {unknown}
 t - a potion of lignification {unknown}
Comestibles
 c - 4 rations
 l - 7 chunks of flesh {@w0}


   Skills:
 + Level 3.5 Dodging
 + Level 3.9 Stealth
 + Level 4.2 Spellcasting
 + Level 5.0 Conjurations


You couldn't memorise any spells.
You knew the following spells:

 Your Spells              Type           Power        Failure   Level  Hunger
a - Magic Dart            Conj           ####         1%          1    None
b - Searing Ray           Conj           ####..       2%          2    #......
A - Fulminant Prism       Conj/Hex       ###.......   38%         4    ####...
B - Iskenderun's Mystic   Conj/Tloc      ###.....     38%         4    ####...

Your spell library contained the following spells:

 Spells                   Type           Power        Failure   Level  Hunger
 Dazzling Flash           Conj/Hex       ###...       12%         3    ###....


Dungeon Overview and Level Annotations

Branches:
Dungeon (3/15)

Altars:


Message History

The shaft crumbles and collapses.
An orc comes into view. It is wielding a +0 flail.
The orc shouts!
An orc comes into view. It is wielding a +0 club.
The orc shouts!
An orc comes into view. It is wielding a +0 flail.
The orc shouts!
An orc and an orc priest come into view.
The orc misses you.
The orc priest hits you but does no damage.
The orc hits you with a +0 flail!
The orc priest invokes the aid of Beogh against you.
Beogh smites you!
Ouch! That really hurt!
* * * LOW HITPOINT WARNING * * *
Unknown command.
You open the door. The orc barely misses you.
The orc priest invokes the aid of Beogh against you.
Beogh smites you!
You die...

###
############(..
#..........#.#
#.........('.#
#........o@#
#........oo#
#.......oo.#
#..........#
#..........#
#..........#
#..........#
#..........#
############


You could see an orc priest and 4 orcs.

Vanquished Creatures
  A worker ant (D:2)
  2 adders (D:2)
  A shadow imp (D:2)
  2 worms (D:2)
  2 dart slugs
  A leopard gecko (D:2)
  2 ball pythons (D:1)
  8 bats
  3 giant cockroaches
  7 hobgoblins
  A quokka (D:2)
  2 frilled lizards
  9 goblins
  6 kobolds
  A rat (D:1)
48 creatures vanquished.

Notes
Turn   | Place    | Note
-------+----------+-------------------------------------------
     0 | D:1      | Luthien the Deep Elf Conjurer began the quest for the Orb.
     0 | D:1      | Reached XP level 1. HP: 10/10 MP: 6/6
   254 | D:1      | Reached XP level 2. HP: 15/15 MP: 5/8
   258 | D:1      | Learned a level 2 spell: Searing Ray
  1024 | D:2      | Reached XP level 3. HP: 19/19 MP: 6/10
  1615 | D:2      | Reached XP level 4. HP: 24/24 MP: 7/11
  1653 | D:2      | Learned a level 4 spell: Fulminant Prism
  1923 | D:2      | Reached skill level 5 in Conjurations
  2058 | D:2      | Learned a level 4 spell: Iskenderun's Mystic Blast
  2308 | D:3      | You fall into a shaft and drop 1 floor!
  2319 | D:4      | Killed from afar by an orc priest

Levels and vault maps discovered:
D:1:      dpeg_arrival_circle_labyrinth_a, layout_loops_ring
D:2:      layout_basic
D:3:      layout_loops_ring
D:4:      layout_basic, serial_shops, nicolae_shop_crystal,
          kennysheep_pointless_box, st_stairs_6, uniq_ijyb

Skill      XL: |  1  2  3  4 |
---------------+-------------+-----
Stealth        | 3 |  3.9
Dodging        | 3 |  3.5
Spellcasting   | 4 |  4.2
Conjurations   | 5 |  5.0

Action                   |  1- 3 |  4- 6 || total
-------------------------+-------+-------++-------
Melee: Short sword       |     2 |       ||     2
 Cast: Magic Dart        |    60 |    20 ||    80
       Searing Ray       |     8 |     6 ||    14
  Eat: Chunk             |     2 |     2 ||     4
Armor: Robe              |     1 |     1 ||     2
Dodge: Dodged            |     4 |     2 ||     6

Table legend:
 A = Non-vault XP
 B = Vault XP
 C = Vault XP percentage of total XP
 D = Non-vault monster count
 E = Vault monster count
 F = Vault count percentage of total count
                 A         B        C        D         E       F
            +---------+---------+-------+---------+---------+-------
      Total |     163 |       0 |   0.0 |      48 |       0 |   0.0
            +---------+---------+-------+---------+---------+-------
        D:1 |      31 |       0 |   0.0 |      17 |       0 |   0.0
        D:2 |     123 |       0 |   0.0 |      27 |       0 |   0.0
        D:3 |       9 |       0 |   0.0 |       4 |       0 |   0.0
            +---------+---------+-------+---------+---------+-------
